 Dungeon Crawl Stone Soup version 0.32-a0-876-gcfddb08e57 (webtiles) character file.

Game seed: 6714054876032312193

383986 zyxw121 the Slayer (level 21, -17/288 (292) HPs)
             Began as a Minotaur Berserker on Mar 31, 2024.
             Was a High Priest of Trog.
             Killed from afar by a frost giant (28 damage)
             ... with a bolt of cold
             ... on level 4 of the Vaults.
             The game lasted 02:27:14 (40058 turns).

zyxw121 the Slayer (Minotaur Berserker)            Turns: 40058, Time: 02:27:15

HP:   -17/288 (292) AC: 42    Str: 40    XL:     21   Next: 96%
MP:   30/30         EV:  8    Int: 11    God:    Trog [*****.]
Gold: 2162          SH: 19    Dex: 12    Spells: 20/20 levels left

rFire   . . .        O - +9 demon whip (venom)
rCold   x . .        P - +5 kite shield {reflect}
rNeg    + . .        Z - +0 crystal plate armour "Vaef" {rElec rF- rCorr Str+5}
rPois   +            D - +3 hat of Pondering {ponderous, Will+ MP+10 Int+5}
rElec   +            n - +2 cloak {rPois}
rCorr   +            X - +3 pair of gauntlets of War {Slay+5}
SInv    .            p - +1 pair of boots
Will    +....        T - amulet of regeneration Stlth
                     H - ring "Elijo" {Fire rPois rN+}
HPRegen 1.48/turn    J - +6 ring of strength
MPRegen 0.22/turn

%: reflection, clarity
@: mighty, berserking, weak-willed, studying Throwing, lightly drained, very
quick
A: horns 2, retaliatory headbutt, clarity, frail 1
}: 2/15 runes: decaying, gossamer
a: Renounce Religion, Berserk, Trog's Hand, Brothers in Arms


You were on level 4 of the Vaults.
You worshipped Trog.
Trog was extremely pleased with you.
You visited 6 branches of the dungeon, and saw 35 of its levels.
You also visited: Gauntlet and Ice Cave.

You collected 3849 gold pieces.
You spent 1687 gold pieces at shops.

Inventory:

Hand Weapons
 g - a +2 great mace of flaming
 O - a +9 demon whip of venom (weapon)
Missiles
 h - 61 poisoned darts
 S - 4 javelins
Armour
 n - a +2 cloak of poison resistance (worn)
 p - a +1 pair of boots (worn)
 x - a scarf of invisibility
 D - the +3 hat of Pondering (worn) {ponderous, Will+ MP+10 Int+5}
   (You acquired it on level 2 of the Lair of Beasts)

   Int+5:     It affects your intelligence (+5).
   Will+:     It increases your willpower.
   MP+10:     It affects your magic capacity (+10).
 P - a +5 kite shield of reflection (worn)
 X - the +3 pair of gauntlets of War (worn) {Slay+5}
   (You bought it in a shop on level 2 of the Orcish Mines)

   Slay+5:    It affects your accuracy & damage with ranged weapons and melee
   (+5).
 Z - the +0 crystal plate armour "Vaef" (worn) {rElec rF- rCorr Str+5}
   (You found it on level 4 of the Lair of Beasts)

   Str+5:     It affects your strength (+5).
   rF-:       It makes you vulnerable to fire.
   rElec:     It insulates you from electricity.
   rCorr:     It protects you from acid and corrosion.
Jewellery
 H - the ring "Elijo" (left hand) {Fire rPois rN+}
   (You found it in a Gauntlet)

   [ring of fire]

   Fire:      It enhances your fire magic.
   rF+:       It protects you from fire.
   rC-:       It makes you vulnerable to cold.
   rPois:     It protects you from poison.
   rN+:       It protects you from negative energy.
 J - a +6 ring of strength (right hand)
 T - an amulet of regeneration (around neck)
 V - a ring of flight
Wands
 y - a wand of flame (47) (quivered)
 G - a wand of polymorph (13)
 I - a wand of mindburst (10)
 Q - a wand of digging (4)
Scrolls
 b - 5 scrolls of blinking
 d - 8 scrolls of fear
 e - 4 scrolls of immolation
 j - 7 scrolls of vulnerability
 l - 10 scrolls of teleportation
 o - 5 scrolls of enchant weapon
 q - 3 scrolls of torment
 r - a scroll of brand weapon
 u - 5 scrolls of revelation
 v - 7 scrolls of fog
 A - a scroll of amnesia
 C - 13 scrolls of identify
 E - 4 scrolls of silence
 F - 4 scrolls of poison
 L - a scroll of noise
Potions
 c - 3 potions of brilliance
 f - 6 potions of magic
 i - 8 potions of curing
 k - 4 potions of ambrosia
 m - a potion of berserk rage
 s - 2 potions of might
 w - a potion of invisibility
 K - 5 potions of attraction
 M - 5 potions of cancellation
 N - 3 potions of enlightenment
 R - 7 potions of haste
 U - 2 potions of heal wounds
 W - a potion of lignification
Miscellaneous
 a - a lightning rod (4/4)
 t - a box of beasts
 B - a tin of tremorstones (2/2)
 Y - a phantom mirror


   Skills:
 * Level 25.3 Fighting
 * Level 20.7 Maces & Flails
 - Level 17.6 Throwing
 + Level 21.6 Armour
 - Level 2.1 Dodging
 - Level 18.5 Shields


You had 20 spell levels left.
You didn't know any spells.
Your spell library was empty.

Dungeon Overview and Level Annotations

Branches:
Dungeon (15/15)            Temple (0/1) D:6            Lair (5/5) D:8
  Swamp (4/4) Lair:3       Spider (4/4) Lair:3        Slime (0/5) Lair:4
    Orc (2/2) D:10            Elf (0/3) Orc:2        Vaults (5/5) D:14
  Crypt (0/3) Vaults:2     Depths (0/4) D:15          IceCv (visited)
Gauntlet (visited)

Altars:
Dithmenos
Elyvilon
Kikubaaqudgha
Makhleb
Qazlal
Ru
Wu Jian
Yredelemnul
Zin
The Shining One

Shops:
D:4 !   D:7 =?*   D:8 :   D:10 *   D:15 [(*=   Orc:2 =[:(   Vaults:1 (
Vaults:3 !

Annotations:
D:4 2 transporters, Goblin1989's ghost, amateur DsBr
D:9 1 runed translucent door
Lair:1 exclusion: 3 oklob plants
Lair:2 1 runed translucent door, Rupert
Lair:4 1 runed translucent door


Innate Abilities, Weirdness & Mutations

You have a pair of horns on your head.
You reflexively headbutt those who attack you in melee.
You possess an exceptional clarity of mind.
You are frail. (-10% HP)


Message History

Your troll claws the titan! x2; The titan hits you!!
* * * LOW HITPOINT WARNING * * *
The vault guard hits you with a +0 war axe.
* * * LOW HITPOINT WARNING * * *
The shadow dragon bites you!
* * * LOW HITPOINT WARNING * * *
You partially resist.
You feel drained.
* * * LOW HITPOINT WARNING * * *
The shadow dragon barely misses you. x2
A red film seems to cover your vision as you go berserk!
You feel yourself moving faster!
You feel mighty!
Your troll bites the titan!
Your troll claws the titan!
Your troll claws the titan!!
You block the vault guard's attack.
You block the phantasmal warrior's attack.
You block the titan's attack.
The two-headed ogre hits you with a +0 giant spiked club.
* * * LOW HITPOINT WARNING * * *
The two-headed ogre hits you with a +0 giant club!!
* * * LOW HITPOINT WARNING * * *
The shadow dragon barely misses you. x2
The shadow dragon claws you but does no damage.
The frost giant hits you but does no damage.
The two-headed ogre hits you but does no damage. x2
Your troll bites the titan!
Your troll claws the titan! x2
You punish the two-headed ogre, causing immense pain!!!
The two-headed ogre looks as sick as possible!
The two-headed ogre is almost dead.
You kill the titan!
Trog accepts your kill.
Trog appreciates your killing of a magic user.
You thrash the two-headed ogre!!
You kill the two-headed ogre!
Trog accepts your kill. You block the vault guard's attack.
You block the shadow dragon's attack. The shadow dragon claws you!
* * * LOW HITPOINT WARNING * * *
The shadow dragon barely misses you.
The frost giant gestures at you while chanting.
The bolt of cold hits you!!
You feel a terrible chill!
You die...

.....#..................#......#.
.....#..................#......'.
.....#..................#......#.
.....#..................#......#.
.....#..................#......#.
.....#........#####'##..#......#.
.....#........#...T..#..#......#.
######........#)W[...#..#......#.
....=.........#C@)[..#..########.
..............#DOp...#...........
..............#......#...........
..............#......#...........
..............########...........
##########...............########
#...............#
#...............#
#...............#


You could see a shadow dragon, a frost giant (very poisoned), a vault guard
(poisoned), a two-headed ogre, a phantasmal warrior (ally target) and a friendly
troll (summoned, berserk).

Vanquished Creatures
  An ancient lich (Vaults:4)
  Nikola (Spider:1)
  A bone dragon (Swamp:4)
  3 tentacled monstrosities
  A titan (Vaults:4)
  Asterion (Vaults:1)
  2 sphinxes (Vaults:3)
  Agnes (D:15)
  Frances (D:12)
  2 tengu reavers
  Gastronok (Lair:2)
  Kirke (D:15)
  Aizul (Swamp:1)
  Donald (Spider:1)
  A fire giant (Vaults:4)
  Roxanne (Swamp:1)
  A fenstrider witch (Swamp:1)
  3 ghost moths
  10 vault wardens
  9 emperor scorpions
  Louise (Spider:1)
  4 orc warlords
  3 broodmothers
  A reaper (IceCv)
  A quicksilver ooze (Lair:5)
  3 formless jellyfish (Vaults:1)
  3 stone giants
  12 ironbound preservers
  2 very ugly things (Vaults:4)
  6 ironbound thunderhulks
  3 eleionomae
  A minotaur (Gauntlet)
  13 dire elephants
  Azrael (D:12)
  5 war gargoyles
  3 spark wasps
  8 bunyips
  Josephine (D:15)
  A quicksilver dragon zombie (Vaults:3)
  A crystal guardian (Vaults:2)
  A shambling mangrove (Swamp:4)
  5 fire dragons
  12 yaktaur captains
  A deep elf high priest (Vaults:3)
  7 great orbs of eyes
  5 entropy weavers
  7 hydras
  2 catoblepae
  5 jorogumos
  Fannar (Lair:2)
  10 alligators
  5 ironbound frosthearts
  A merfolk avatar (Lair:5)
  31 vault guards
  4 ghost crabs
  15 centaur warriors
  An ogre mage (Vaults:1)
  4 peacekeepers
  6 radroaches
  3 death yaks (Lair:4)
  8 two-headed ogres
  A hell hog (Gauntlet)
  13 boulder beetles
  2 tengu warriors (D:15)
  Nergalle (Lair:3)
  Urug (Orc:1)
  5 orc high priests
  Sonja (Lair:5)
  2 skysharks (Lair:5)
  4 demonic crawlers
  Amaemon (Lair:2)
  A hell knight (D:15)
  A soul eater (Gauntlet)
  8 pharaoh ants
  2 goliath frogs
  A death drake (Swamp:4)
  5 spriggan druids
  4 arcanists
  40 deep trolls
  Pikel (D:4)
  2 phantasmal warriors (Vaults:1)
  4 swamp dragons
  2 necromancers
  8 bog bodies
  A glowing orange brain (Vaults:2)
  9 lindwurms
  10 orb spiders
  9 harpies
  18 ironbound convokers
  10 steelbarb worms
  4 spectral hydras (Swamp:4)
  An alligator zombie (Swamp:4)
  A harpy (shapeshifter) (D:15)
  A spectral alligator (Swamp:4)
  13 orc knights
  An obsidian bat (Orc:2)
  27 ugly things
  5 deep elf pyromancers
  11 wolf spiders
  4 orc sorcerers
  2 cyclopes
  8 will-o-the-wisps
  15 vault sentinels
  8 elephants (Lair:5)
  Joseph (D:10)
  3 meliai (D:15)
  Maurice (D:11)
  A human skeleton (Vaults:3)
  2 black mambas
  A molten gargoyle (Lair:5)
  2 ice statues (IceCv)
  14 cane toads
  3 kobold blastminers (Orc:1)
  7 swamp worm zombies (Swamp:4)
  6 torpor snails
  4 rime drakes
  18 yaktaurs
  An orange demon (Lair:2)
  Maggie (D:6)
  An efreet (D:15)
  17 komodo dragons
  6 ice devils (IceCv)
  An anaconda simulacrum (IceCv)
  A tengu conjurer (D:14)
  7 trolls
  2 polar bears (Lair:5)
  11 tyrant leeches
  A bloated husk (Swamp:1)
  4 hydra zombies
  9 hornets
  A polar bear (shapeshifter) (D:15)
  A wind drake (Lair:5)
  3 snapping turtles (Lair:5)
  3 spectral swamp dragons (Swamp:4)
  30 tarantellas
  Grinder (D:6)
  7 dream sheep (Lair:3)
  30 blink frogs
  34 slime creatures
  26 jumping spiders
  A centaur simulacrum (D:15)
  6 spriggans
  2 shadows
  23 culicivoras
  Eustachio (D:4)
  2 wyverns
  28 yaks
  3 fire bats (Gauntlet)
  A golden eye (Lair:1)
  3 dire elephant simulacra (IceCv)
  3 fire elementals
  6 wraiths
  7 humans
  A warg (Orc:1)
  A death yak simulacrum (IceCv)
  A neqoxec (Gauntlet)
  49 redbacks
  3 tyrant leech zombies (Swamp:4)
  30 vampire mosquitoes
  2 steam dragons
  4 basilisks
  Grum (Lair:1)
  5 hogs (D:15)
  Menkaure (D:4)
  2 chaos spawn (Gauntlet)
  16 swamp worms
  5 harpy simulacra (IceCv)
  13 water moccasins
  4 acid dragons
  6 hell hounds
  A hydra simulacrum (IceCv)
  A swamp drake (Swamp:2)
  21 orc warriors
  2 laughing skulls (D:15)
  2 black bears
  4 swamp dragon zombies (Swamp:4)
  2 ice beasts (D:6)
  7 ogres
  10 centaurs
  A boggart (Vaults:1)
  11 wolves
  8 phantoms
  6 kobold brigands
  A lemure (D:5)
  3 gnoll sergeants
  12 bullfrogs
  3 scorpions
  10 wights
  6 electric eels
  A bombardier beetle (D:5)
  33 orc priests
  A sleepcap (D:8)
  8 hounds
  8 jellies
  3 iguanas
  19 orc wizards
  A polar bear simulacrum (IceCv)
  A troll simulacrum (IceCv)
  A naga simulacrum (IceCv)
  15 gnolls
  4 adders
  4 shadow imps
  A white imp (IceCv)
  3 ufetubi
  A ribbon worm (shapeshifter) (D:13)
  4 dart slugs
  A ribbon worm (D:2)
  73 orcs
  7 bats
  7 endoplasms
  5 giant cockroaches
  7 goblins
  11 hobgoblins
  6 jackals
  4 quokkas
  4 ball pythons
  3 frilled lizards
  22 kobolds
  8 rats
1386 creatures vanquished.

Vanquished Creatures (collateral kills)
  A tentacled monstrosity (Vaults:4)
  A stone giant (Vaults:3)
  2 dire elephants (Vaults:3)
  An ironbound frostheart (Vaults:3)
  A two-headed ogre (Vaults:4)
  2 boulder beetles (D:15)
  2 orc high priests (Orc:2)
  A deep troll (Vaults:3)
  A tengu skeleton (Vaults:3)
  An ugly thing (Vaults:4)
  A manticore (D:12)
  2 vault sentinels
  2 tengu conjurers (D:15)
  A fire elemental (D:12)
  A hell hound (D:12)
  4 orc priests (Orc:2)
  5 orc wizards (Orc:2)
29 creatures vanquished.

Vanquished Creatures (others)
  A vault guard (D:14)
  An arcanist (Vaults:4)
  4 bloated husks (Swamp:4)
  A tyrant leech (Swamp:4)
  3 phantoms (Swamp:4)
  46 foxfires
56 creatures vanquished.

Grand Total: 1471 creatures vanquished

Notes
Turn   | Place    | Note
-------+----------+-------------------------------------------
     0 | D:1      | zyxw121 the Minotaur Berserker began the quest for the Orb.
     0 | D:1      | Reached XP level 1. HP: 19/19 MP: 0/0
    81 | D:1      | Reached XP level 2. HP: 18/27 MP: 1/1
   198 | D:1      | Reached skill level 4 in Fighting
   299 | D:1      | Reached ** piety under Trog
   575 | D:1      | Reached XP level 3. HP: 33/33 MP: 2/2
   820 | D:2      | Reached skill level 5 in Maces & Flails
  1043 | D:2      | Reached XP level 4. HP: 32/41 MP: 3/3
  1218 | D:2      | Identified the +0 pair of gloves of the Everdark {rC+
                  | Dex+2}
  1235 | D:2      | Found a faded altar of an unknown god.
  1912 | D:3      | Reached *** piety under Trog
  1966 | D:4      | Noticed Pikel
  1966 | D:4      | Noticed a lemure
  1966 | D:4      | Noticed a lemure
  1966 | D:4      | Noticed a lemure
  1966 | D:4      | Noticed a lemure
  1970 | D:5      | Entered Level 5 of the Dungeon
  1976 | D:5      | Killed a lemure
  2032 | D:5      | Reached skill level 5 in Fighting
  2032 | D:5      | Reached XP level 5. HP: 45/48 MP: 4/4
  2050 | D:5      | Noticed a centaur
  2055 | D:5      | Killed a centaur
  2082 | D:5      | Reached XP level 6. HP: 51/56 MP: 5/5
  2256 | D:5      | Reached skill level 6 in Fighting
  2510 | D:5      | Reached XP level 7. HP: 63/63 MP: 6/6
  2761 | D:4      | Noticed Eustachio
  2776 | D:4      | Killed Eustachio
  2888 | D:4      | Found a transporter.
  2895 | D:4      | Reached skill level 7 in Fighting
  2900 | D:4      | Noticed Goblin1989's ghost (amateur DsBr)
  2920 | D:4      | Killed Pikel
  2921 | D:4      | Reached skill level 10 in Maces & Flails
  2921 | D:4      | Reached XP level 8. HP: 74/74 MP: 7/7
  2989 | D:4      | Found a transporter.
  3006 | D:4      | Found a shadowy altar of Dithmenos.
  3015 | D:4      | Reached skill level 8 in Fighting
  3150 | D:4      | Noticed Menkaure
  3157 | D:4      | Killed Menkaure
  3394 | D:4      | Found Usteegh's Distillery.
  4112 | D:6      | Noticed Maggie
  4122 | D:6      | Killed Maggie
  4249 | D:6      | Found a staircase to the Ecumenical Temple.
  4341 | D:6      | Reached skill level 9 in Fighting
  4341 | D:6      | Reached XP level 9. HP: 83/83 MP: 8/8
  4587 | D:6      | Noticed Grinder
  4594 | D:6      | Found an ornate altar of the Wu Jian Council.
  4596 | D:6      | Killed Grinder
  4777 | D:6      | Found a stormy altar of Qazlal.
  4844 | D:6      | Reached **** piety under Trog
  5005 | D:6      | Found a glowing silver altar of Zin.
  5007 | D:6      | Found a sacrificial altar of Ru.
  5367 | D:7      | Reached skill level 10 in Fighting
  5581 | D:7      | Found Jacsior's Magic Scroll Emporium.
  5597 | D:7      | Found Etogg's Jewellery Shop.
  5616 | D:7      | Found Soeputti's General Store.
  5999 | D:7      | Gained mutation: You are frail. (-10% HP) [potion of
                  | mutation]
  5999 | D:7      | Gained mutation: You possess an exceptional clarity of
                  | mind. [potion of mutation]
  6042 | D:8      | Found Gaezum's Book Shoppe.
  6094 | D:8      | Noticed a troll
  6101 | D:8      | Killed a troll
  6102 | D:8      | Reached XP level 10. HP: 76/84 MP: 9/9
  6270 | D:8      | Found a staircase to the Lair.
  6635 | D:8      | Reached skill level 11 in Fighting
  6903 | D:8      | Found a glowing golden altar of the Shining One.
  7342 | D:8      | Reached skill level 15 in Maces & Flails
  8213 | D:9      | Found a runed translucent door.
  8216 | D:9      | Found a burning altar of Makhleb.
  8216 | D:9      | Noticed a sixfirhy
  8277 | D:9      | Reached ***** piety under Trog
  8414 | D:9      | Noticed a two-headed ogre
  8417 | D:9      | Killed a two-headed ogre
  8800 | D:10     | Entered Level 10 of the Dungeon
  8995 | D:10     | Reached skill level 12 in Fighting
  9264 | D:10     | Noticed Joseph
  9277 | D:10     | Killed Joseph
  9620 | D:10     | Found Lahouv's Assorted Antiques.
  9787 | D:10     | Found a staircase to the Orcish Mines.
  9815 | D:10     | Reached XP level 11. HP: 85/94 MP: 10/10
 10038 | Lair:1   | Entered Level 1 of the Lair of Beasts
 10173 | Lair:1   | Noticed Grum
 10183 | Lair:1   | Killed Grum
 10220 | Lair:1   | Reached skill level 13 in Fighting
 10478 | Lair:1   | Noticed an oklob plant
 10509 | Lair:1   | Noticed an oklob plant
 10690 | Lair:1   | Noticed an oklob plant
 10724 | Lair:1   | Noticed a catoblepas
 10742 | Lair:1   | Killed a catoblepas
 11686 | Lair:2   | Noticed a lindwurm
 11787 | Lair:2   | Killed a lindwurm
 11946 | Lair:2   | Reached skill level 5 in Armour
 12148 | Lair:2   | Reached XP level 12. HP: 104/104 MP: 11/11
 12148 | Lair:2   | Noticed a seven-headed hydra
 12155 | Lair:2   | Killed a seven-headed hydra
 12223 | Lair:2   | Reached skill level 14 in Fighting
 12448 | Lair:2   | Noticed Fannar
 12474 | Lair:2   | Killed Fannar
 12703 | Lair:2   | Noticed Amaemon
 12716 | Lair:2   | Killed Amaemon
 12732 | Lair:2   | Noticed Gastronok
 13129 | Lair:2   | Noticed a boulder beetle
 13139 | Lair:2   | Killed a boulder beetle
 13157 | Lair:2   | Found a runed translucent door.
 13160 | Lair:2   | Noticed Rupert
 13478 | Lair:2   | Killed Gastronok
 13822 | Lair:2   | Identified a scroll of acquirement
 13822 | Lair:2   | Acquired the +3 hat of Pondering {ponderous, Will+ MP+10
                  | Int+5}
 13822 | Lair:2   | Found the +3 hat of Pondering {ponderous, Will+ MP+10
                  | Int+5}
 14533 | Lair:3   | Found a hole to the Spider Nest.
 14703 | Lair:3   | Found a staircase to the Swamp.
 14714 | Lair:3   | Reached skill level 1 in Throwing
 14791 | Lair:3   | Reached skill level 10 in Armour
 14796 | Lair:3   | Reached skill level 15 in Fighting
 15034 | Lair:3   | Reached XP level 13. HP: 113/113 MP: 12/12
 15343 | Lair:3   | Noticed Nergalle
 15359 | Lair:3   | Killed Nergalle
 15359 | Lair:3   | Received a gift from Trog
 16086 | Lair:4   | Found a runed translucent door.
 16312 | Lair:4   | Found a runed translucent door.
 16329 | Lair:4   | Noticed an azure jelly
 16330 | Lair:4   | Found a staircase to the Slime Pits.
 16977 | Lair:4   | Identified the +0 crystal plate armour "Vaef" {rElec rF-
                  | rCorr Str+5}
 17026 | Lair:5   | Entered Level 5 of the Lair of Beasts
 17121 | Lair:5   | Reached skill level 5 in Throwing
 17168 | Lair:5   | Reached skill level 16 in Fighting
 17169 | Lair:5   | Identified the +3 dire flail "Zify" {flame, rElec rN+
                  | Dex+3} (Trog gifted it to you on level 5 of the Lair of
                  | Beasts)
 17169 | Lair:5   | Received a gift from Trog
 17207 | Lair:5   | Noticed a dire elephant
 17223 | Lair:5   | Killed a dire elephant
 17497 | Lair:5   | Identified the +10 rapier of Rubbish {protect, Int+3 Dex+2}
 17661 | Lair:5   | Reached XP level 14. HP: 124/124 MP: 13/13
 17835 | Lair:5   | Noticed Sonja
 17844 | Lair:5   | Killed Sonja
 17951 | Lair:5   | Noticed a quicksilver ooze
 17957 | Lair:5   | Killed a quicksilver ooze
 18563 | Spider:1 | Entered Level 1 of the Spider Nest
 18686 | Spider:1 | Noticed Donald
 18705 | Spider:1 | Killed Donald
 18760 | Spider:1 | Reached skill level 1 in Shields
 18888 | Spider:1 | Noticed a broodmother
 18888 | Spider:1 | Noticed Louise
 18968 | Lair:3   | Killed a broodmother
 18969 | Lair:3   | Reached skill level 15 in Armour
 19214 | Spider:1 | Reached skill level 5 in Shields
 19285 | Spider:1 | Found a transporter.
 19285 | Spider:1 | Found a transporter.
 19583 | Spider:1 | Received a gift from Trog
 19712 | Spider:1 | Killed Louise
 19863 | Spider:1 | Noticed Nikola
 19883 | Spider:1 | Killed Nikola
 20353 | Spider:1 | Reached skill level 10 in Shields
 20686 | Spider:2 | Reached XP level 15. HP: 131/131 MP: 14/14
 21173 | Spider:2 | Reached skill level 17 in Fighting
 21547 | Spider:3 | Noticed an emperor scorpion
 21769 | Spider:3 | Received a gift from Trog
 22022 | Spider:3 | Killed an emperor scorpion
 22316 | Spider:3 | Noticed an emperor scorpion
 22327 | Spider:3 | Killed an emperor scorpion
 22652 | Spider:4 | Entered Level 4 of the Spider Nest
 22667 | Spider:3 | Reached skill level 15 in Shields
 22779 | Spider:4 | Noticed an emperor scorpion
 22796 | Spider:4 | Killed an emperor scorpion
 23224 | Spider:4 | Identified the +0 scale mail "Feowkaen" {rC+ Will- Int+3
                  | Dex+3}
 23251 | Spider:4 | Reached XP level 16. HP: 105/123 MP: 15/15
 23328 | Spider:4 | Reached skill level 10 in Throwing
 23510 | Spider:4 | Reached skill level 18 in Fighting
 23754 | Spider:4 | Got a gossamer rune of Zot
 23822 | Spider:4 | Reached ****** piety under Trog
 24301 | Swamp:1  | Entered Level 1 of the Swamp
 24301 | Swamp:1  | Noticed Roxanne
 24321 | Swamp:1  | Killed Roxanne
 24480 | Swamp:1  | Received a gift from Trog
 24761 | Swamp:1  | Noticed a tentacled monstrosity
 24772 | Swamp:1  | Killed a tentacled monstrosity
 24902 | Swamp:1  | Identified the serpent talisman "Ydudu" {rC++}
 24902 | Swamp:1  | Noticed Aizul
 24921 | Swamp:1  | Killed Aizul
 25967 | Swamp:2  | Received a gift from Trog
 26629 | Swamp:3  | Reached XP level 17. HP: 106/149 MP: 16/16
 26778 | Swamp:4  | Entered Level 4 of the Swamp
 27111 | Swamp:4  | Reached skill level 19 in Fighting
 27574 | Swamp:4  | Noticed a bone dragon
 27781 | Swamp:4  | Killed a bone dragon
 27799 | Swamp:4  | Received a gift from Trog
 28179 | Swamp:4  | Got a decaying rune of Zot
 28507 | Orc:1    | Entered Level 1 of the Orcish Mines
 28507 | Orc:1    | Noticed Urug
 28513 | Orc:1    | Killed Urug
 28542 | Orc:1    | Found a frozen archway.
 28627 | IceCv    | Entered an ice cave
 29317 | Orc:2    | Entered Level 2 of the Orcish Mines
 29403 | Orc:2    | Received a gift from Trog
 29409 | Orc:2    | Found Inniq's Antique Weapon Emporium.
 29409 | Orc:2    | Found Fuxiot's Antique Armour Shoppe.
 29439 | Orc:2    | Paralysed by an orc sorcerer for 5 turns
 29566 | Orc:2    | Reached skill level 20 in Fighting
 29619 | Orc:2    | Found Vyranuef's Jewellery Shoppe.
 29625 | Orc:2    | Found Duschor's Book Emporium.
 29659 | Orc:2    | Bought a ring of flight for 262 gold pieces
 29665 | Orc:2    | Bought the +3 pair of gauntlets of War {Slay+5} for 1425
                  | gold pieces
 29665 | Orc:2    | Found the +3 pair of gauntlets of War {Slay+5}
 29688 | Orc:2    | Found a staircase to the Elven Halls.
 30020 | Orc:2    | Received a gift from Trog
 30827 | D:11     | Noticed Maurice
 30854 | D:11     | Killed Maurice
 31209 | D:12     | Noticed Azrael
 31221 | D:12     | Killed Azrael
 31232 | D:12     | Noticed Frances
 31253 | D:12     | Killed Frances
 31504 | D:13     | Found a gate leading to a gauntlet.
 31886 | Gauntlet | Entered a Gauntlet
 31886 | Gauntlet | Found a transporter.
 31886 | Gauntlet | Found a transporter.
 31886 | Gauntlet | Found a transporter.
 31887 | Gauntlet | Found a transporter.
 31888 | Gauntlet | Found a transporter.
 31891 | Gauntlet | Found a transporter.
 31941 | Gauntlet | Found a transporter.
 31945 | Gauntlet | Found a transporter.
 31955 | Gauntlet | Found a transporter.
 31971 | Gauntlet | Reached XP level 18. HP: 162/162 MP: 17/17
 31992 | Gauntlet | Identified the ring "Elijo" {Fire rPois rN+}
 32008 | Gauntlet | Found a transporter.
 32070 | Gauntlet | Identified the amulet "Leej" {Acrobat Rampage rN+}
 32841 | D:14     | Identified the +4 flail of the Snake Pit {freeze, Dex+3
                  | Stlth+}
 32927 | D:14     | Received a gift from Trog
 32999 | D:14     | Identified the +8 great sword of the Ageless Persimmons
                  | {holy, Str-2 Int+6}
 33051 | D:14     | Found a gate to the Vaults.
 33151 | D:15     | Entered Level 15 of the Dungeon
 33169 | D:15     | Found Onexzenolo's Armour Boutique.
 33301 | D:15     | Noticed Josephine
 33307 | D:15     | Killed Josephine
 33314 | D:15     | Noticed Agnes
 33321 | D:15     | Reached skill level 21 in Fighting
 33329 | D:15     | Killed Agnes
 33394 | D:15     | Found a staircase to the Depths.
 33400 | D:15     | Noticed Kirke
 33421 | D:15     | Killed Kirke
 33542 | D:15     | Found Xialargh's Jewellery Boutique.
 33566 | D:15     | Found Buiphu's General Store.
 33583 | D:15     | Found Mainieg's Weapon Shop.
 33799 | D:15     | Found a white marble altar of Elyvilon.
 34024 | Vaults:1 | Entered Level 1 of the Vaults
 34120 | Vaults:1 | Received a gift from Trog
 34138 | Vaults:1 | Found Keopt's Antique Weapon Shoppe.
 34315 | Vaults:1 | Noticed Asterion
 34330 | Vaults:1 | Killed Asterion
 34452 | Vaults:1 | Reached skill level 15 in Throwing
 34653 | Vaults:1 | Found a crumbling gateway.
 34738 | Vaults:1 | Found a glowing golden altar of the Shining One.
 34806 | Vaults:1 | Reached skill level 22 in Fighting
 34927 | Vaults:1 | Reached XP level 19. HP: 164/172 MP: 18/18
 35007 | Vaults:1 | Received a gift from Trog
 35820 | Vaults:2 | Reached skill level 23 in Fighting
 36045 | Vaults:2 | Found a staircase to the Crypt.
 36045 | Vaults:2 | Found an ancient bone altar of Kikubaaqudgha.
 36046 | Vaults:2 | Found a basalt altar of Yredelemnul.
 36816 | Vaults:2 | Received a gift from Trog
 37348 | Vaults:3 | Found Rishitsyx's Distillery.
 37561 | Vaults:3 | Reached XP level 20. HP: 184/184 MP: 19/19
 37563 | Vaults:3 | Received a gift from Trog
 37664 | Vaults:3 | Reached skill level 24 in Fighting
 38307 | Vaults:4 | Noticed an ancient lich
 38334 | Vaults:4 | Killed an ancient lich
 38506 | Vaults:4 | Identified the +7 quick blade of Non Obstante Veredicto
                  | {flame, Will+ rCorr SInv} (Trog gifted it to you on level 4
                  | of the Vaults)
 38506 | Vaults:4 | Received a gift from Trog
 39096 | Vaults:4 | Identified the +1 scale mail "Woteppeck" {Will+ Dex+3 SInv}
 39184 | Vaults:4 | Reached XP level 21. HP: 194/194 MP: 20/20
 39187 | Vaults:4 | Acquired a manual of Throwing
 39680 | Vaults:5 | Entered Level 5 of the Vaults
 39688 | Vaults:5 | Reached skill level 25 in Fighting
 39819 | Vaults:5 | Noticed a golden dragon
 40058 | Vaults:4 | HP: 11/288 [shadow dragon (7)]
 40058 | Vaults:4 | Killed from afar by a frost giant

Illustrated notes

Levels and vault maps discovered:
D:1:      ncdulo_wetmaze, layout_loops_ring
D:2:      layout_rooms, shapermc_ecumenical_altar_ellora, corexii_shack
D:3:      layout_rooms
D:4:      layout_gridville, grunt_dithmenos_smoke_and_mirrors, serial_shops,
          shop, gammafunk_ghost_stat_death, uniq_pikel, uniq_menkaure,
          uniq_eustachio
D:5:      layout_basic
D:6:      layout_gridville, mainiacjoe_overflow_catch_the_wave,
          gammafunk_temple_overflow_pools, minmay_temple_entry_statues_pillars,
          uniq_maggie, uniq_grinder
D:7:      layout_rooms, serial_shops, shop, nicolae_shop_tiny_waterfront,
          nicolae_shop_gaudy_bauble, minmay_manual_macuahuitl
D:8:      layout_layer_cave, tso_altar, erik_lair_island, serial_shops, shop,
          st_stairs_2, kennysheep_generic_room_8
D:9:      layout_loops_ring, nzn_makhleb_speed_demon
D:10:     layout_irregular_city, kennysheep_orc_monster_closet_entryway,
          serial_shops, kennysheep_mini_moat, eino_curves_01, uniq_joseph
D:11:     layout_basic, uniq_maurice
D:12:     layout_cave_pools, uniq_frances, uniq_azrael
D:13:     layout_long_grid, gauntlet_entry_generic
D:14:     layout_roguey, ximxim_vaults_locker_room, corner_web_ring,
          nicolae_splish_splash
D:15:     hangedman_depths_entry_civil_slaughter, layout_long_grid,
          minmay_misc_feat_chi, serial_shops, nicolae_shop_real_fake_doors,
          nicolae_shop_advertising_works [nicolae_subvault_shop_adworks],
          nicolae_shop_crystal, nicolae_shop_bloodbath_and_beyond,
          nicolae_elyvilon_peaceful_grove, uniq_kirke, uniq_josephine,
          uniq_agnes
Lair:1:   layout_gridlike, st_stairs_11, disabler_island, grunt_megastairs_3,
          uniq_grum
Lair:2:   layout_regular_city, chequers_serial_rivers_micro_b,
          minmay_stone_trees_medium, pdpol_lair_cabin_in_the_woods,
          uniq_gastronok, uniq_amaemon, uniq_fannar
Lair:3:   layout_regular_city, swamp_mist_pool, spider_nest_entry_rubble,
          infiniplex_staircase_pool, uniq_nergalle
Lair:4:   layout_cave_pods, slime_entry_2, pf_torpor_hydra
Lair:5:   gammafunk_lair_ancient_temple, layout_gridlike,
          nicolae_lair_time_for_slime, uniq_sonja
Swamp:1:  nicolae_swamp_standing_stones, layout_basic_swamp,
          evilmike_swamp_ruin_house_6, uniq_roxanne, uniq_aizul
Swamp:2:  layout_falls_marsh, nicolae_swamp_ascending_descending,
          hangedman_swamp_double_dragon
Swamp:3:  layout_basic_swamp, evilmike_swamp_ruin_rubble_1, swamp_pool_1_2,
          nicolae_swamp_dense_foliage, nicolae_swamp_necromancy_gone_wrong
Swamp:4:  swamp_pestilence, layout_basic_swamp, nicolae_swamp_decorative_isthmus
Spider:1: gammafunk_boulding_lane, uniq_donald, uniq_louise, uniq_nikola
Spider:2: layout_spider_delve
Spider:3: nicolae_spider_hilbert_zone_3 [nicolae_spider_hilbert_4_sides_2_open,
          nicolae_spider_hilbert_3_sides_1_open,
          nicolae_spider_hilbert_3_sides_1_open,
          nicolae_spider_hilbert_3_sides_1_open,
          nicolae_spider_hilbert_3_sides_1_open,
          nicolae_spider_hilbert_4_sides_1_open,
          nicolae_spider_hilbert_4_sides_1_open,
          nicolae_spider_hilbert_4_sides_1_open,
          nicolae_spider_hilbert_4_sides_1_open,
          nicolae_spider_hilbert_4_sides_1_open,
          nicolae_spider_hilbert_4_sides_1_open,
          nicolae_spider_hilbert_4_sides_1_open,
          nicolae_spider_hilbert_4_sides_1_open,
          nicolae_spider_hilbert_3_sides_1_open,
          nicolae_spider_hilbert_3_sides_1_open,
          nicolae_spider_hilbert_3_sides_1_open,
          nicolae_spider_hilbert_3_sides_1_open]
Spider:4: grunt_spider_rune_circles
Orc:1:    layout_caves, portal_ice_cave_entry_pillars_2, uniq_urug
Orc:2:    st_orc_mages, layout_caves
Vaults:1: portal_desolation_entry_garden, nicolae_vaults_security_offices_2,
          hangedman_vaults_nails, v_pattern_1, nicolae_vaults_tetromino_L_2,
          nicolae_vaults_network_quincunx
          [nicolae_vaults_network_quincunx_subvault,
          nicolae_vaults_network_quincunx_subvault,
          nicolae_vaults_network_quincunx_subvault,
          nicolae_vaults_network_quincunx_subvault,
          nicolae_vaults_network_quincunx_subvault], lemuel_angel_altar,
          nicolae_vaults_apartment_2, nicolae_vaults_double_plus_1,
          nicolae_vaults_border_crossing, nicolae_vaults_two_Ls, v_rooms_3,
          nicolae_vaults_shelves_hall, hangedman_vaults_capsules,
          vaults_room_hallway, layout_vaults_maze_snakey, serial_shops, shop,
          uniq_asterion
Vaults:2: vaults_room_pool, nicolae_vaults_sightless_eye,
          minmay_crypt_entry_necro_gods, vaults_dpeg_doors,
          nicolae_vaults_hexular_roomagon, dpeg_vaults_monster_row,
          ontoclasm_vaults_ring_small, v_misc_23, minmay_orc_keep,
          vaults_standard_mumra_enter_the_diamond, layout_vaults_omnigrid
Vaults:3: v_rooms_1, hangedman_vaults_river_flow, hangedman_vaults_corner,
          nicolae_vaults_storage_closets_1, vaults_room_door_hall,
          hangedman_vaults_trim, nicolae_vaults_tetromino_Z_1,
          nicolae_vaults_trapezoid_lopsided_4, layout_vaults_big_room,
          serial_shops, shop
Vaults:4: vaults_mumra_chevron, nicolae_vaults_windows_and_doors_thing,
          nicolae_vaults_antechamber_and_loot_room, v_alt_pattern_2,
          nicolae_vaults_layer_cake_slice, lightli_orcish_oven,
          nicolae_vaults_tetromino_L_1, nicolae_vaults_network_periphery,
          nicolae_vaults_tetromino_T_2, nicolae_vaults_apartment_2,
          layout_vaults_omnicross
Vaults:5: uniq_mara

Skill      XL: |  1  2  3  4  5  6  7  8  9 10 11 12 13 14 15 16 17 18 19 20 21 |
---------------+----------------------------------------------------------------+-----
Maces & Flails | 4 5 6 7 8 10 11 14 16 18 19 20 | 20.7
Fighting       | 4 5 6 7 9 10 12 13 15 16 17 18 20 22 23 24 25 | 25.3
Armour         | 5 10 13 15 16 17 18 19 20 21 | 21.6
Throwing       | 2 6 8 9 11 13 15 17 | 17.6
Shields        | 10 16 18 | 18.5
Dodging        | |  2.1

Action                     |  1- 3 |  4- 6 |  7- 9 | 10-12 | 13-15 | 16-18 | 19-21 || total
---------------------------+-------+-------+-------+-------+-------+-------+-------++-------
  Melee: Mace              |    87 |   102 |       |       |       |       |       ||   189
         Headbutt          |    11 |    16 |    27 |    70 |   273 |   380 |   246 ||  1023
         Flail             |       |    26 |   175 |   345 |       |       |       ||   546
         Demon whip        |       |       |       |    67 |   986 |  1623 |   737 ||  3413
         Dire flail        |       |       |       |       |    23 |       |       ||    23
  Throw: Javelin           |     1 |       |     5 |     1 |       |    57 |       ||    64
         Dart              |       |       |       |    38 |    19 |    20 |       ||    77
         Boomerang         |       |       |       |       |   122 |     4 |       ||   126
 Invoke: Berserk           |     1 |     1 |     6 |    10 |    16 |    26 |    17 ||    77
         Brothers in Arms  |       |       |       |       |       |     4 |     7 ||    11
  Evoke: Wand              |       |       |       |       |       |    17 |       ||    17
    Use: Potion            |       |       |     9 |     2 |     3 |    10 |     8 ||    32
         Scroll            |       |       |     7 |     6 |     2 |    17 |     5 ||    37
   Stab: Sleeping          |       |     1 |       |       |       |       |       ||     1
         Distracted        |       |       |       |       |       |       |     1 ||     1
 Armour: Animal skin       |    54 |    14 |       |       |       |       |       ||    68
         Plate armour      |       |    83 |   134 |   363 |   104 |       |       ||   684
         Crystal plate arm |       |       |       |       |   660 |  1197 |   714 ||  2571
  Dodge: Dodged            |    55 |    84 |   122 |   211 |   427 |   388 |   179 ||  1466
  Block: Kite shield       |       |       |       |       |   296 |  1036 |   759 ||  2091
         Reflection        |       |       |       |       |       |    60 |    50 ||   110

Table legend: (Time is in decaauts)
 A = Elapsed time spent in this place.
 B = Non-inter-level travel time spent in this place.
 C = Inter-level travel time spent in this place.
 D = Time resting spent in this place.
 E = Time spent auto-exploring this place.
 F = Levels seen in this place.
 G = Mean time per level.
                   A        B        C        D        E       F      G
               +--------+--------+--------+--------+--------+-----+--------+
         Total |  41277 |  39052 |   2225 |   5066 |  22754 |  37 | 1115.6 |
       Dungeon |  13958 |  13096 |    862 |   1083 |   9254 |  15 |  930.5 |
          Lair |   8930 |   8444 |    486 |   1551 |   4599 |   5 | 1786.0 |
         Swamp |   4363 |   4201 |    162 |    733 |   1904 |   4 | 1090.8 |
   Spider Nest |   5785 |   5422 |    363 |    807 |   2367 |   4 | 1446.2 |
  Orcish Mines |   1445 |   1371 |     74 |     68 |    755 |   2 |  722.5 |
        Vaults |   6093 |   5817 |    276 |    776 |   3655 |   5 | 1218.6 |
      Ice Cave |    382 |    382 |      0 |     44 |    118 |   1 |  382.0 |
      Gauntlet |    317 |    317 |      0 |      2 |     98 |   1 |  317.0 |
               +--------+--------+--------+--------+--------+-----+--------+

Top non-repeatable levels by time:
  Lair:2: 2454 daAuts
  Lair:1: 2167 daAuts
     D:8: 2059 daAuts
Spider:1: 1955 daAuts
Vaults:4: 1648 daAuts
Vaults:1: 1592 daAuts
Spider:3: 1548 daAuts
Vaults:2: 1532 daAuts
  Lair:3: 1517 daAuts
  Lair:5: 1463 daAuts
Spider:4: 1372 daAuts
 Swamp:4: 1342 daAuts
  Lair:4: 1327 daAuts
    D:10: 1313 daAuts
Vaults:3: 1291 daAuts
